 Dungeon Crawl Stone Soup version 0.30-a0-23-ge60ba3568b (webtiles) character file.

Game seed: 17384620215363601297

693 rubashov the Magician (level 7, -2/49 HPs)
             Began as a Djinni Hedge Wizard on Aug 25, 2022.
             Killed from afar by an orc wizard (7 damage)
             ... with a magic dart
             ... on level 7 of the Dungeon.
             The game lasted 00:19:12 (6412 turns).

rubashov the Magician (Djinni Hedge Wizard)         Turns: 6412, Time: 00:19:12

Health: -2/49      AC:  3    Str: 11    XL:     7   Next: 96%
Gold:   225        EV: 13    Int: 16    God:
                   SH:  5    Dex: 12

rFire   + + .      SeeInvis .    d - +1 rapier
rCold   x . .      Faith    .    p - orb {light}
rNeg    . . .      Spirit   .    b - +0 robe
rPois   ∞          Reflect  +    c - +1 hat
rElec   .          Harm     .    (no cloak)
rCorr   .          Rampage  .    (no gloves)
Will    .....                    (boots unavailable)
Stlth   +.........               o - amulet of reflection
HPRegen 0.16/turn                (no ring)
MPRegen 0.00/turn                (no ring)

@: flying, glowing
A: sickness immunity, fire resistance 2, cold vulnerability 1, float, innate
caster, HP casting, extra vitality 1
a: no special abilities


You were on level 7 of the Dungeon.
You visited 1 branch of the dungeon, and saw 7 of its levels.

You collected 225 gold pieces.

Inventory:

Hand Weapons
 a - a +0 dagger
 d - a +1 rapier (weapon)
 m - the +4 great sword of Goreajuw {vorpal, rC- Str+3 Int+4 SInv}
   (You found it on level 4 of the Dungeon)

   It inflicts extra damage upon your enemies.
   Str:       It affects your strength (+3).
   Int:       It affects your intelligence (+4).
   rC:        It makes you vulnerable to cold.
   SInv:      It lets you see invisible.
Missiles
 f - 32 stones
Armour
 b - a +0 robe (worn)
 c - a +1 hat (worn)
 n - a +0 buckler
 p - an orb of light (worn)
Jewellery
 o - an amulet of reflection (around neck)
Wands
 w - a wand of charming (4)
 x - a wand of acid (8)
Scrolls
 e - a scroll of enchant armour
 g - a scroll of teleportation
 j - a scroll of fear
 t - a scroll of blinking {unknown}
 u - 2 scrolls of magic mapping {unknown}
Potions
 h - 3 potions of might {unknown}
 i - 3 potions of curing {unknown}
 k - 2 potions of heal wounds {unknown}
 l - a potion of berserk rage {unknown}
 q - 3 potions of magic {unknown}
 r - a potion of ambrosia {unknown}
 s - a potion of lignification {unknown}
 v - a potion of haste {unknown}


   Skills:
 * Level 2.3 Fighting
 * Level 3.7 Dodging
 - Level 1.5 Stealth
 - Level 6.0 Spellcasting


You couldn't memorise any spells.
You knew the following spells:

 Your Spells              Type           Power      Damage    Failure   Level
a - Magic Dart            Conj           96%        1d7       1%          1
b - Scorch                Fire           48%        2d7       1%          2
c - Call Imp              Summ           24%        N/A       1%          2
d - Slow                  Hex            96%        N/A       1%          1
e - Conjure Flame         Conj/Fire      24%        6-21      3%          3
f - Mephitic Cloud        Conj/Pois/Air  24%        N/A       3%          3
g - Foxfire               Conj/Fire      96%        2x1d8     1%          1
h - Blink                 Tloc           48%        N/A       1%          2
i - Lesser Beckoning      Tloc           24%        N/A       3%          3
Your spell library was empty.

Dungeon Overview and Level Annotations

Branches:
Dungeon (7/15)
 Temple: D:4-7

Altars:
Fedhas
Yredelemnul

Annotations:
D:6 Maggie


Innate Abilities, Weirdness & Mutations

You are immune to sickness and miasma.
You are immune to poison.
Your flesh is very heat resistant. (rF++)
You are vulnerable to cold. (rC-)
You float through the air rather than walking.
You learn spells naturally, not from books.
Your magical power is your life essence.
You have superior vitality. (+4 MHP)


Message History

The centaur shoots an arrow.
The arrow misses your bullfrog. The arrow hits you.
* * * LOW HITPOINT WARNING * * *
Your bullfrog hits the centaur.
The centaur shoots an arrow.
The arrow hits your bullfrog.
Your bullfrog barely misses the centaur.
Okay, then.
Cast which spell? (? or * to list)
Aiming: Mephitic Cloud (dangerous; 3% risk of failure)
Press: ? - help, Shift-Dir - straight line, f/p - bullfrog
Aim: a bullfrog (moderately wounded, charmed, friendly, chance to affect: 81%) Really fire at your bullfrog?
The ball explodes into a vile cloud!
The stinking cloud engulfs your bullfrog but does no damage.
Your bullfrog is moderately wounded.
The stinking cloud engulfs the centaur but does no damage.
The centaur is moderately wounded.
* * * LOW HITPOINT WARNING * * *
You hear a shout! x4
The centaur is engulfed in noxious fumes.
The centaur appears confused.
The centaur unwields a +0 shortbow.
The centaur hits your bullfrog.
The centaur barely misses your bullfrog.
Your bullfrog is engulfed in noxious fumes.
Your bullfrog appears confused.
Your bullfrog hits the centaur! Something hits your bullfrog.
Something kicks your bullfrog.
Your bullfrog is engulfed in noxious fumes. x2
Your bullfrog appears confused.
Your bullfrog hits the centaur.
Your bullfrog is engulfed in noxious fumes.
Your bullfrog appears confused.
The centaur is engulfed in noxious fumes.
The centaur appears confused.
An orc wizard comes into view. It is wielding a +0 dagger.
Found a stone staircase leading down.
The orc wizard shouts!
The orc wizard points at you and mumbles some strange words.
The magic dart hits you!
You die...

#.....<...#
#.........#
#.........#
#.........#
#......:..#
#○○.......#
#####Oc.......#
#....####.#..##
#.##.# #@####
F.# #.....o..
.... #######.>
....# .....#
..c.O.#
.#...#.#


You could see an orc wizard.

Vanquished Creatures
  A water moccasin (D:5)
  A black bear (D:5)
  A necrophage (D:6)
  A scorpion (D:4)
  A wight (D:6)
  An orc priest (D:5)
  An iguana (D:3)
  3 orc wizards (D:5)
  3 gnolls (D:2)
  6 adders
  5 worms
  4 dart slugs
  11 orcs
  5 endoplasms
  5 giant cockroaches
  3 goblins (D:1)
  6 hobgoblins
  A quokka (D:5)
  7 ball pythons
  7 bats
  5 frilled lizards
  11 kobolds
  6 rats
95 creatures vanquished.

Vanquished Creatures (others)
  112 foxfires
112 creatures vanquished.

Grand Total: 207 creatures vanquished

Notes
Turn   | Place    | Note
-------+----------+-------------------------------------------
     0 | D:1      | rubashov the Djinni Hedge Wizard began the quest for the
                  | Orb.
     0 | D:1      | rubashov set off with the following spells memorised: Magic
                  | Dart, Blink, Call Imp, Slow, Conjure Flame, Mephitic Cloud.
     0 | D:1      | Reached XP level 1. HP: 15/15 MP: 0/0
   250 | D:1      | Reached XP level 2. HP: 18/21 MP: 0/0
   734 | D:1      | Reached skill level 3 in Spellcasting
   749 | D:1      | Reached XP level 3. HP: 19/25 MP: 0/0
   749 | D:1      | Learned a level 1 spell: Foxfire
  1353 | D:2      | Reached XP level 4. HP: 22/31 MP: 0/0
  1652 | D:2      | Noticed an eye of devastation
  1694 | D:2      | Found a faded altar of an unknown god.
  1696 | D:2      | Noticed a golden eye
  1702 | D:2      | Noticed a floating eye
  1863 | D:2      | Noticed a great orb of eyes
  2102 | D:2      | Reached skill level 1 in Fighting
  2136 | D:2      | Reached XP level 5. HP: 36/37 MP: 0/0
  2136 | D:2      | Learned a level 2 spell: Scorch
  2378 | D:3      | Reached skill level 4 in Spellcasting
  3486 | D:4      | Reached XP level 6. HP: 25/42 MP: 0/0
  3621 | D:4      | Identified the +4 great sword of Goreajuw {vorpal, rC-
                  | Str+3 Int+4 SInv}
  3632 | D:4      | Found a blossoming altar of Fedhas.
  4400 | D:5      | Entered Level 5 of the Dungeon
  4428 | D:5      | Noticed a black bear
  4458 | D:5      | Killed a black bear
  4459 | D:5      | Reached skill level 5 in Spellcasting
  4726 | D:5      | Reached XP level 7. HP: 16/48 MP: 0/0
  4726 | D:5      | Learned a level 3 spell: Lesser Beckoning
  5495 | D:5      | Found a basalt altar of Yredelemnul.
  5511 | D:5      | Noticed a water moccasin
  5516 | D:5      | Killed a water moccasin
  6062 | D:6      | Noticed Maggie
  6160 | D:6      | Reached skill level 6 in Spellcasting
  6412 | D:7      | Killed from afar by an orc wizard

Illustrated notes

Levels and vault maps discovered:
D:1:      lemuel_arrival_behind_the_door_large, layout_loops_cross,
          minmay_misc_feat_secret_circle, minivault_5
D:2:      layout_basic, hellmonk_ecumenical_altar_watching_god,
          corexii_leaking_fountain
D:3:      layout_basic, kennysheep_generic_room_8
D:4:      layout_loops_cross, lemuel_tele_altar
D:5:      layout_basic, yredelemnul_altar_generic
D:6:      layout_basic, mainiacjoe_overflow_brackets, kennysheep_generic_room_6,
          uniq_maggie
D:7:      minmay_flawed_box, layout_basic, minmay_temple_entry_slanted,
          serial_shops, nicolae_shop_advertising_works
          [nicolae_subvault_shop_adworks]

Skill      XL: |  1  2  3  4  5  6  7 |
---------------+----------------------+-----
Spellcasting   | 3 4 5 6 |  6.0
Fighting       | 1 2 |  2.3
Dodging        | 3 |  3.7
Stealth        | |  1.5

Action                   |  1- 3 |  4- 6 |  7- 9 || total
-------------------------+-------+-------+-------++-------
Melee: Rapier            |       |     9 |       ||     9
 Cast: Magic Dart        |    45 |    80 |     8 ||   133
       Foxfire           |    15 |    40 |     8 ||    63
       Scorch            |       |    20 |    19 ||    39
       Blink             |       |     4 |     4 ||     8
       Conjure Flame     |       |     3 |     4 ||     7
       Mephitic Cloud    |       |     1 |     5 ||     6
Evoke: Wand              |       |       |     1 ||     1
  Use: Scroll            |       |     7 |     1 ||     8
Armor: Robe              |     3 |     5 |     2 ||    10
Dodge: Dodged            |       |    18 |     2 ||    20
Block: Orb               |       |     1 |     5 ||     6
       Reflection        |       |       |     1 ||     1

Table legend: (Time is in decaauts)
 A = Elapsed time spent in this place.
 B = Non-inter-level travel time spent in this place.
 C = Inter-level travel time spent in this place.
 D = Time resting spent in this place.
 E = Time spent auto-exploring this place.
 F = Levels seen in this place.
 G = Mean time per level.
                   A        B        C        D        E       F      G
               +--------+--------+--------+--------+--------+-----+--------+
         Total |   6413 |   6217 |    196 |   1751 |   3731 |   7 |  916.1 |
       Dungeon |   6413 |   6217 |    196 |   1751 |   3731 |   7 |  916.1 |
               +--------+--------+--------+--------+--------+-----+--------+

Top non-repeatable levels by time:
     D:5: 1456 daAuts
     D:4: 1216 daAuts
     D:1: 1194 daAuts
     D:2: 1114 daAuts
     D:3: 1075 daAuts
     D:6: 189 daAuts
     D:7: 166 daAuts
